 Dungeon Crawl Stone Soup version 0.21.1-1-g345015f (webtiles) character file.

12264 Dfrag the Destroyer (level 11, -6/72 HPs)
             Began as a Naga Conjurer on Feb 11, 2018.
             Was an Elder of Makhleb.
             Mangled by a white ugly thing (15 damage)
             ... on level 11 of the Dungeon.
             The game lasted 00:16:09 (9753 turns).

Dfrag the Destroyer (Naga Conjurer)                 Turns: 9753, Time: 00:16:10

Health: -6/72      AC:  9    Str: 15    XL:     11   Next: 90%
Magic:  3/27       EV: 10    Int: 18    God:    Makhleb [****..]
Gold:   538        SH:  0    Dex: 13    Spells: 23/34 levels left

rFire    . . .     SeeInvis +   d - +4 war axe (freeze) (curse)
rCold    + . .     Gourm    .   (no shield)
rNeg     . . .     Faith    .   I - +2 robe {rC+}
rPois    +         Spirit   .   s - +0 helmet
rElec    .         Reflect  .   r - +0 cloak (curse)
rCorr    .         Harm     .   u - +0 pair of gloves
MR       +....                  (no barding)
Stlth    ++........             h - amulet of regeneration
HPRegen  0.62/turn              y - +5 ring of strength
MPRegen  0.20/turn              f - ring of wizardry

@: very slow
A: large, see invisible, deformed body, frail 1, poison resistance, slowness 2,
slow metabolism 1, spit poison 1, AC +3
a: Spit Poison, Minor Destruction, Lesser Servant of Makhleb, Major Destruction,
Renounce Religion


You were on level 11 of the Dungeon.
You worshipped Makhleb.
Makhleb was greatly pleased with you.
You were not hungry.

You visited 2 branches of the dungeon, and saw 12 of its levels.

You collected 538 gold pieces.

Inventory:

Hand Weapons
 d - a cursed +4 war axe of freezing (weapon)
Armour
 r - a cursed +0 cloak (worn)
 s - a +0 helmet (worn)
 u - a +0 pair of gloves (worn)
 I - a +2 robe of cold resistance (worn)
Magical Staves
 o - an uncursed staff of summoning
Jewellery
 f - a ring of wizardry (right hand)
 h - an amulet of regeneration (around neck)
 j - an uncursed ring of protection from magic
 n - a +2 ring of dexterity
 w - a +2 ring of dexterity
 y - a +5 ring of strength (left hand)
 A - an uncursed ring of ice
Wands
 D - a wand of acid (7)
 G - a wand of random effects (37)
Scrolls
 e - 3 scrolls of amnesia
 k - 2 scrolls of immolation
 l - 4 scrolls of identify
 p - 6 scrolls of remove curse
 t - a scroll of enchant weapon
 z - a scroll of magic mapping
 B - a scroll of silence
 C - 3 scrolls of teleportation {unknown}
 F - a scroll of enchant armour {unknown}
Potions
 g - 9 potions of curing
 i - a potion of haste
 m - a potion of mutation
 q - 2 potions of cancellation
 v - 4 potions of degeneration
 x - a potion of might
Books
 a - a book of Misfortune

   Spells                             Type                      Level
   a - Confusing Touch                Hexes                        1
   b - Confuse                        Hexes                        3
   c - Gell's Gravitas                Translocation                3
   d - Petrify                        Transmutation/Earth          4
   e - Metabolic Englaciation         Hexes/Ice                    5
   f - Yara's Violent Unravelling     Hexes/Transmutation          5
 b - a book of Conjurations

   Spells                             Type                      Level
   a - Magic Dart                     Conjuration                  1
   b - Searing Ray                    Conjuration                  2
   c - Dazzling Spray                 Conjuration/Hexes            3
   d - Fulminant Prism                Conjuration/Hexes            4
   e - Force Lance                    Conjuration/Translocation    4
   f - Iskenderun's Mystic Blast      Conjuration                  4
Miscellaneous
 E - a lightning rod (2/4)
Comestibles
 c - 20 rations


   Skills:
 - Level 1.5 Dodging
 - Level 3.0 Stealth
 + Level 12.1 Spellcasting
 + Level 13.4 Conjurations


You had 23 spell levels left.
You knew the following spells:

 Your Spells              Type           Power        Failure   Level  Hunger
a - Magic Dart            Conj           ####         1%          1    None
b - Searing Ray           Conj           ######       1%          2    None
c - Iskenderun's Mystic   Conj           ######..     1%          4    ##.....
d - Force Lance           Conj/Tloc      #####...     1%          4    ##.....


Dungeon Overview and Level Annotations

Branches:
Dungeon (11/15)            Temple (1/1) D:5            Lair (0/6) D:8
    Orc (0/2) D:10

Altars:
Ashenzari
Cheibriados
Dithmenos
Elyvilon
Fedhas
Gozag
Hepliaklqana
Kikubaaqudgha
Makhleb
Nemelex Xobeh
Okawaru
Qazlal
Ru
Sif Muna
Trog
Uskayaw
Vehumet
Wu Jian
Xom
Yredelemnul
Zin
The Shining One


Innate Abilities, Weirdness & Mutations

You cannot wear boots.
Your serpentine skin is tough. (AC +3)
You have supernaturally acute eyesight. (SInv)
Armour fits poorly on your strangely shaped body.
Your system is resistant to poisons. (rPois)
You cover ground very slowly.
You have a slow metabolism.
You can spit poison.
You are frail. (-10% HP)


Message History

Press: ? - help, Shift-Dir - straight line, f/p - white ugly thing
Aim: a white ugly thing (heavily wounded)
The orb of energy hits the white ugly thing.
The white ugly thing is severely wounded.
The orb of energy explodes!
The white ugly thing tentacle-slaps you!
The white ugly thing freezes you! You resist.
* * * LOW HITPOINT WARNING * * *
Unknown command.
Casting: Iskenderun's Mystic Blast
Confirm with . or Enter, or press ? or * to list all spells.
Aiming: Iskenderun's Mystic Blast
Press: ? - help, Shift-Dir - straight line, f/p - white ugly thing
Aim: a white ugly thing (severely wounded)
The orb of energy misses the white ugly thing.
The orb of energy explodes!
The white ugly thing tentacle-slaps you!
* * * LOW HITPOINT WARNING * * *
The white ugly thing freezes you! You resist.
You die...

##......# #.......#
#.......# #.......#
........#
#.8.....8........#
#................#
#..............u.##
#.....>...####..@.##
#.........#
#.....#######
#.....}...##
##.......^..###
#.8.....8..#
#............#
#).........#
##..........##
(###.#.#...#
#..........#
..#..#....##
#..........#
....####.##
#..........#
#...###..#
#.........##


You could see a white ugly thing.

Vanquished Creatures
  Fannar (D:11)
  2 two-headed ogres
  The ghost of antares the Ruffian, a novice DrTm (D:6)
  The ghost of Cardtrick the Ruffian, a novice OgTm (D:4)
  Joseph (D:7)
  5 gargoyles (D:7)
  A troll (D:9)
  Prince Ribbit (D:9)
  A hippogriff (D:8)
  A wyvern (D:9)
  A spriggan (D:7)
  Grum (D:11)
  7 yaks
  A steam dragon (D:8)
  3 water moccasins
  3 orc warriors
  A phantom (D:6)
  5 ice beasts
  2 sky beasts
  5 ogres
  3 crocodiles
  2 wolves (D:11)
  3 centaurs
  2 big kobolds (D:7)
  A gnoll sergeant (D:10)
  4 bullfrogs
  A water moccasin zombie (D:10)
  4 scorpions
  22 killer bees
  5 wights (D:6)
  2 crimson imps
  A centaur zombie (D:6)
  A bullfrog zombie (D:11)
  14 orc wizards
  A jelly (D:6)
  A gnoll shaman (D:6)
  3 orc priests
  4 hounds
  3 iguanas
  2 bullfrog skeletons
  5 worker ants
  A killer bee zombie (D:9)
  3 hound zombies
  A hound skeleton (D:10)
  3 worker ant zombies
  10 gnolls
  12 adders
  A shadow imp (D:5)
  An adder skeleton (D:4)
  An adder zombie (D:7)
  2 worms (D:2)
  A dart slug (D:2)
  4 leopard geckos
  32 orcs
  7 bats
  A giant cockroach (D:6)
  10 goblins
  5 hobgoblins
  11 jackals
  15 kobolds
  8 quokkas
  6 frilled lizards
  A quokka skeleton (D:5)
  6 rats
  A plant (D:2)
271 creatures vanquished.

Vanquished Creatures (others)
  A fungus (D:8)
  A plant (D:8)
2 creatures vanquished.

Grand Total: 273 creatures vanquished

Notes
Turn   | Place    | Note
-------+----------+-------------------------------------------
     0 | D:1      | Dfrag the Naga Conjurer began the quest for the Orb.
     0 | D:1      | Reached XP level 1. HP: 15/15 MP: 3/3
   202 | D:1      | Reached XP level 2. HP: 22/22 MP: 0/5
   793 | D:2      | Reached XP level 3. HP: 22/28 MP: 2/7
   873 | D:2      | Learned a level 2 spell: Searing Ray
   991 | D:2      | Found a shadowy altar of Dithmenos.
  1115 | D:2      | Reached XP level 4. HP: 36/36 MP: 5/8
  1607 | D:3      | Reached skill level 5 in Conjurations
  1742 | D:3      | Reached XP level 5. HP: 37/42 MP: 0/10
  1761 | D:3      | Learned a level 4 spell: Iskenderun's Mystic Blast
  1839 | D:3      | Found a shattered altar of Ashenzari.
  2088 | D:4      | Noticed Cardtrick's ghost (novice OgTm)
  2238 | D:5      | Entered Level 5 of the Dungeon
  2249 | D:5      | Found a stormy altar of Qazlal.
  2284 | D:5      | Noticed an ogre
  2289 | D:5      | Killed an ogre
  2289 | D:5      | Reached XP level 6. HP: 49/49 MP: 6/12
  2295 | D:5      | Found a staircase to the Ecumenical Temple.
  2317 | D:5      | Reached skill level 6 in Conjurations
  2346 | Temple   | Entered the Ecumenical Temple
  2402 | Temple   | Became a worshipper of Makhleb the Destroyer
  2872 | D:5      | Reached XP level 7. HP: 25/55 MP: 4/14
  3172 | D:5      | Reached skill level 5 in Spellcasting
  3290 | D:7      | Reached skill level 7 in Conjurations
  3397 | D:6      | Reached * piety under Makhleb
  3496 | D:6      | Reached XP level 8. HP: 54/62 MP: 7/17
  3658 | D:6      | Noticed antares's ghost (novice DrTm)
  3720 | D:6      | Killed antares's ghost
  3720 | D:6      | Reached skill level 8 in Conjurations
  3984 | D:4      | Gained mutation: You are clumsy. (Dex -2) [potion of mutation]
  3984 | D:4      | Gained mutation: You are frail. (-10% HP) [potion of mutation]
  3984 | D:4      | Lost mutation: You are clumsy. (Dex -2) [potion of mutation]
  4029 | D:4      | Killed Cardtrick's ghost
  4029 | D:4      | Reached skill level 9 in Conjurations
  4029 | D:4      | Reached XP level 9. HP: 40/61 MP: 1/20
  4678 | D:6      | Found a sparkling altar of Nemelex Xobeh.
  5066 | D:7      | Found a deep blue altar of Sif Muna.
  5164 | D:7      | Reached ** piety under Makhleb
  5331 | D:7      | Noticed a two-headed ogre
  5348 | D:7      | Killed a two-headed ogre
  5348 | D:7      | Reached skill level 10 in Conjurations
  5362 | D:7      | Reached XP level 10. HP: 41/67 MP: 14/23
  5387 | D:7      | Learned a level 4 spell: Force Lance
  5421 | D:7      | Noticed a gargoyle
  5426 | D:7      | Killed a gargoyle
  5599 | D:7      | Noticed a gargoyle
  5608 | D:7      | Noticed a gargoyle
  5609 | D:7      | Killed a gargoyle
  5609 | D:7      | Reached skill level 11 in Conjurations
  5725 | D:7      | Killed a gargoyle
  5882 | D:7      | Noticed Joseph
  5916 | D:7      | Killed Joseph
  5916 | D:7      | Reached skill level 10 in Spellcasting
  5998 | D:7      | Found an ancient bone altar of Kikubaaqudgha.
  6139 | D:7      | Found an opulent altar of Gozag.
  6139 | D:7      | Found a faded altar of an unknown god.
  6150 | D:7      | Found a hazy altar of Hepliaklqana.
  6152 | D:7      | Found a sacrificial altar of Ru.
  6154 | D:7      | Found a glowing golden altar of the Shining One.
  6248 | D:7      | Noticed a gargoyle
  6249 | D:7      | Killed a gargoyle
  6258 | D:7      | Noticed a gargoyle
  6266 | D:7      | Killed a gargoyle
  6710 | D:8      | Found a staircase to the Lair.
  7250 | D:9      | Reached skill level 12 in Conjurations
  7250 | D:9      | Reached XP level 11. HP: 69/72 MP: 20/25
  7516 | D:9      | Reached *** piety under Makhleb
  7582 | D:9      | Noticed Prince Ribbit
  7615 | D:9      | Killed Prince Ribbit
  8455 | D:10     | Entered Level 10 of the Dungeon
  8586 | D:10     | Found a staircase to the Orcish Mines.
  8867 | D:10     | Reached **** piety under Makhleb
  9115 | D:10     | Noticed a two-headed ogre
  9126 | D:10     | Killed a two-headed ogre
  9126 | D:10     | Reached skill level 13 in Conjurations
  9274 | D:10     | Found a glowing golden altar of the Shining One.
  9420 | D:11     | Noticed Grum
  9423 | D:11     | Killed Grum
  9507 | D:11     | Noticed Fannar
  9524 | D:11     | Killed Fannar
  9746 | D:11     | Noticed a white ugly thing
  9753 | D:11     | Mangled by a white ugly thing

Skill      XL: |  1  2  3  4  5  6  7  8  9 10 11 |
---------------+----------------------------------+-----
Spellcasting   | 3 4 6 7 9 10 12 | 12.1
Conjurations   | 5 6 7 9 10 12 13 | 13.4
Dodging        | |  1.5
Stealth        | |  3.0

Action                   |  1- 3 |  4- 6 |  7- 9 | 10-12 || total
-------------------------+-------+-------+-------+-------++-------
Melee: Unarmed           |    14 |       |       |       ||    14
       Short sword       |     5 |    48 |    20 |       ||    73
       War axe           |       |       |    67 |   136 ||   203
 Cast: Magic Dart        |    50 |    48 |    31 |    18 ||   147
       Searing Ray       |       |    10 |    27 |    60 ||    97
       Iskenderun's Myst |       |       |    14 |    67 ||    81
 Abil: Spit Poison       |    16 |     8 |     4 |     7 ||    35
Evoke: Wand              |       |       |     6 |       ||     6
       Lightning rod     |       |       |       |     2 ||     2
  Use: Scroll            |       |     5 |     2 |     6 ||    13
       Potion            |       |       |     3 |     1 ||     4
 Stab: Sleeping          |       |       |     1 |     3 ||     4
  Eat: Chunk             |     1 |     6 |     9 |    12 ||    28
       Ration            |       |       |       |     1 ||     1
Armor: Robe              |     8 |    24 |    67 |    25 ||   124
       Leather armour    |       |       |       |   113 ||   113
Dodge: Dodged            |    26 |    49 |    90 |   182 ||   347
